 Dungeon Crawl Stone Soup version 0.23.0-2-g0fe3ce5 (webtiles) character file.

Game seed: 3893788733115608506

706 Paps the Covert (level 7, -1/47 HPs)
             Began as a Vampire Enchanter on Feb 19, 2019.
             Killed from afar by an orc wizard (4 damage)
             ... with a magic dart
             ... on level 5 of the Dungeon.
             The game lasted 00:13:26 (5475 turns).

Paps the Covert (Vampire Enchanter)                 Turns: 5475, Time: 00:13:26

Health: -1/47      AC:  6    Str:  9    XL:     7   Next: 39%
Magic:  0/11       EV: 15    Int: 17    God:
Gold:   160        SH:  0    Dex: 17    Spells: 6/12 levels left

rFire    + . .     SeeInvis +   a - +1 dagger
rCold    . . .     Gourm    .   (no shield)
rNeg     + . .     Faith    .   b - +2 robe {rF+}
rPois    .         Spirit   +   p - +0 helmet
rElec    .         Reflect  .   l - +0 cloak
rCorr    .         Harm     .   (no gloves)
MR       .....                  (no boots)
Stlth    +++++.....             q - amulet of guardian spirit
HPRegen  0.15/turn              f - +2 ring of dexterity
MPRegen  0.12/turn              r - +2 ring of evasion

@: very slightly contaminated
A: rotting body, fangs 3, see invisible, unbreathing
a: Bat Form


You were on level 5 of the Dungeon.
You were not thirsty.

You visited 1 branch of the dungeon, and saw 5 of its levels.

You collected 160 gold pieces.

Inventory:

Hand Weapons
 a - a +1 dagger (weapon)
Armour
 b - a +2 robe of fire resistance (worn)
 l - a +0 cloak (worn)
 p - a +0 helmet (worn)
Jewellery
 f - a +2 ring of dexterity (left hand)
 q - an amulet of guardian spirit (around neck)
 r - a +2 ring of evasion (right hand)
Wands
 u - a wand of flame (15)
Scrolls
 e - 6 scrolls of remove curse
 h - a scroll of amnesia {unknown}
 k - a scroll of identify
 s - 2 scrolls of fear {unknown}
 v - a scroll of blinking {unknown}
Potions
 c - 2 potions of brilliance
 d - 20 potions of blood
 g - 2 potions of agility
 i - a potion of degeneration {unknown}
 j - 2 potions of invisibility {unknown}
 m - 2 potions of curing {unknown}
 n - 2 potions of haste {unknown}
 o - a potion of heal wounds {unknown}
 t - 2 potions of lignification {unknown}


   Skills:
 + Level 0.7 Fighting
 + Level 2.6 Short Blades
 + Level 2.7 Dodging
 * Level 10.3 Stealth
 + Level 3.0 Spellcasting
 * Level 7.0 Hexes


You had 6 spell levels left.
You knew the following spells:

 Your Spells              Type           Power        Failure   Level  Hunger
a - Corona                Hex            ####...      1%          1    None
b - Ensorcelled Hibernat  Hex/Ice        ##....       6%          2    ##.....
c - Confuse               Hex            ####....     3%          3    ###....

Your spell library contained the following spells:

 Spells                   Type           Power        Failure   Level  Hunger
 Tukima's Dance           Hex            ####....     3%          3    ###....
 Dazzling Spray           Conj/Hex       ##....       12%         3    ###....


Dungeon Overview and Level Annotations

Branches:
Dungeon (5/15)
 Temple: D:4-7

Altars:
Cheibriados
Elyvilon
Gozag
Kikubaaqudgha
Okawaru
Ru
Uskayaw
Vehumet
Yredelemnul
Zin


Innate Abilities, Weirdness & Mutations

Your body is rotting away.
You thrive on raw meat.
You have razor-sharp teeth.
You have supernaturally acute eyesight. (SInv)
You can survive without breathing.


Message History

The orc priest hits you with a +0 hand axe.
* * * LOW HITPOINT WARNING * * *
The orc wizard hits you but does no damage.
You hit the orc wizard but do no damage.
The orc priest hits you but does no damage.
The orc wizard casts a spell.
The orc wizard seems to speed up.
Yummy - fresh blood!
You are feeling very thirsty.
The orc wizard barely misses you.
The orc priest calls down the wrath of Beogh upon you.
Pain shoots through your body!
* * * LOW HITPOINT WARNING * * *
Yummy - fresh blood!
The orc wizard closely misses you. The orc priest completely misses you.
The orc wizard hits you but does no damage.
The orc wizard barely misses you. The orc wizard casts a spell at you.
The magic dart hits you.
You die...

..%..................##
...)........#.........#
#.......#...##....(...##
##....##.....##........#
##...###..##...........##
##....##..## ##...)......###
......##..# #oo..........
.........## #..##......#
#........# #@###......#
#....<..## #.## #......#
#........### #.. ##......#
...........###.. ##.......#
......#........###..........
.........######.#...........
........## #.............
### .......##
##....##........#.. .....#..
#..#...##..........


You could see an orc priest and an orc wizard.

Vanquished Creatures
  An ogre (D:4)
  The ghost of w0lly the Digger, an amateur GrEE of Sif Muna (D:3)
  3 hounds
  2 jellies
  Crazy Yiuf (D:2)
  An iguana (D:4)
  2 worker ants (D:4)
  Natasha (thrice) (D:4)
  Terence (D:2)
  Ijyb (D:5)
  Robin (D:3)
  4 adders
  2 gnolls (D:2)
  2 oozes
  2 worms
  A leopard gecko (D:1)
  8 orcs
  2 ball pythons
  9 bats
  4 giant cockroaches
  9 hobgoblins
  3 jackals (D:3)
  10 kobolds
  A quokka (D:5)
  4 frilled lizards
  17 goblins
  A leopard gecko zombie (D:5)
  6 rats
102 creatures vanquished.

Notes
Turn   | Place    | Note
-------+----------+-------------------------------------------
     0 | D:1      | Paps the Vampire Enchanter began the quest for the Orb.
     0 | D:1      | Reached XP level 1. HP: 13/13 MP: 3/3
   485 | D:1      | Reached XP level 2. HP: 19/19 MP: 5/5
   489 | D:1      | Learned a level 2 spell: Ensorcelled Hibernation
   565 | D:1      | Reached skill level 5 in Hexes
  1593 | D:2      | Reached skill level 5 in Stealth
  1682 | D:2      | Reached XP level 3. HP: 13/24 MP: 1/6
  1687 | D:2      | Learned a level 3 spell: Confuse
  1926 | D:2      | Noticed Terence
  1930 | D:2      | Killed Terence
  1949 | D:2      | Reached skill level 6 in Stealth
  1970 | D:2      | Found a sacrificial altar of Ru.
  1977 | D:2      | Reached XP level 4. HP: 30/30 MP: 0/7
  2432 | D:2      | Found a runed translucent door.
  2433 | D:2      | Noticed Crazy Yiuf
  2468 | D:2      | Killed Crazy Yiuf
  2797 | D:2      | Found an iron altar of Okawaru.
  2830 | D:2      | Reached skill level 7 in Stealth
  2834 | D:2      | Reached XP level 5. HP: 26/35 MP: 3/8
  3063 | D:3      | Noticed a +0 dagger
  3064 | D:3      | Noticed a +0 dagger
  3065 | D:3      | Found a hide-covered altar of Uskayaw.
  3442 | D:3      | Found an opulent altar of Gozag.
  3442 | D:3      | Found a glowing silver altar of Zin.
  3561 | D:3      | Found a runed translucent gate.
  3561 | D:3      | Found a runed translucent gate.
  3561 | D:3      | Found a runed translucent gate.
  3561 | D:3      | Noticed w0lly's ghost (amateur GrEE)
  3567 | D:3      | Noticed Robin
  3621 | D:3      | Killed Robin
  3937 | D:3      | Killed w0lly's ghost
  4335 | D:4      | Reached XP level 6. HP: 42/42 MP: 6/10
  4463 | D:4      | Reached skill level 8 in Stealth
  4468 | D:4      | Noticed Natasha
  4473 | D:4      | Killed Natasha
  4604 | D:4      | Noticed Natasha
  4607 | D:4      | Killed Natasha
  4612 | D:4      | Found a snail-covered altar of Cheibriados.
  4673 | D:4      | Noticed Natasha
  4681 | D:4      | Killed Natasha
  4681 | D:4      | Reached skill level 9 in Stealth
  4769 | D:4      | Found a white marble altar of Elyvilon.
  4809 | D:4      | Reached XP level 7. HP: 47/47 MP: 3/11
  4905 | D:4      | Found a basalt altar of Yredelemnul.
  5060 | D:5      | Entered Level 5 of the Dungeon
  5203 | D:5      | Noticed Ijyb
  5219 | D:5      | Reached skill level 10 in Stealth
  5235 | D:5      | Killed Ijyb
  5402 | D:5      | Found an ancient bone altar of Kikubaaqudgha.
  5420 | D:5      | Found a radiant altar of Vehumet.
  5475 | D:5      | Killed from afar by an orc wizard

Skill      XL: |  1  2  3  4  5  6  7 |
---------------+----------------------+-----
Hexes          | 5 6 7 |  7.0
Stealth        | 5 6 7 9 10 | 10.3
Short Blades   | 2 |  2.6
Spellcasting   | 3 |  3.0
Fighting       | |  0.7
Dodging        | |  2.7

Action                   |  1- 3 |  4- 6 |  7- 9 || total
-------------------------+-------+-------+-------++-------
Melee: Dagger            |    88 |   150 |    48 ||   286
       Bite              |     5 |     8 |     6 ||    19
 Cast: Ensorcelled Hiber |    10 |    38 |    15 ||    63
  Use: Potion            |       |     1 |     2 ||     3
       Scroll            |       |     4 |       ||     4
 Stab: Sleeping          |    18 |    38 |     9 ||    65
Armor: Robe              |    16 |    42 |    10 ||    68
Dodge: Dodged            |    49 |   136 |    32 ||   217
